 Dungeon Crawl Stone Soup version 0.26.1-11-gd32895ea62 (console) character file.

Game seed: 5939875054644689778

49 magui the Ruffian (level 3, -7/33 HPs)
             Began as a Ghoul Monk on June 3, 2021.
             Killed from afar by Natasha (9 damage)
             ... with a magic dart
             ... on level 2 of the Dungeon.
             The game lasted 00:11:43 (1232 turns).

magui the Ruffian (Ghoul Monk)                      Turns: 1232, Time: 00:11:43

Health: -7/33      AC:  2    Str: 20    XL:     3   Next: 75%
Magic:  2/2        EV: 13    Int:  5    God:
Gold:   28         SH:  0    Dex: 12    Spells: 2/2 levels left

rFire    . . .     SeeInvis .     - Unarmed
rCold    + . .     Faith    .   (no shield)
rNeg     + + +     Spirit   .   d - +0 robe
rPois    ∞         Reflect  .   (no helmet)
rElec    .         Harm     .   (no cloak)
rCorr    .         Rampage  .   (no gloves)
Will     .....     Rnd*Tele +   (no boots)
Stlth    ++........             (no amulet)
HPRegen  0.00/turn              g - ring of teleportation (curse)
MPRegen  0.08/turn              j - +6 ring of strength

@: slowed, very slow
A: claws 1, cold resistance 1, negative energy resistance 3, inhibited
regeneration, torment resistance, unbreathing
a: no special abilities


You were on level 2 of the Dungeon.
You visited 1 branch of the dungeon, and saw 2 of its levels.

You collected 28 gold pieces.

Inventory:

Hand Weapons
 b - a +0 dagger
Missiles
 c - 17 stones (quivered)
 e - 12 poisoned darts
Armour
 a - a +0 robe
 d - a +0 robe (worn)
 f - a +0 scale mail
Jewellery
 g - a cursed ring of teleportation (left claw)
 j - a +6 ring of strength (right claw)
Potions
 i - a potion of degeneration {unknown}


   Skills:
 + Level 3.7 Fighting
 + Level 3.3 Dodging
 + Level 2.3 Stealth
 + Level 4.0 Unarmed Combat


You had 2 spell levels left.
You didn't know any spells.
Your spell library was empty.

Dungeon Overview and Level Annotations

Branches:
Dungeon (2/15)

Altars:
Kikubaaqudgha

Annotations:
D:2 Natasha


Innate Abilities, Weirdness & Mutations

You thrive by killing the living.
You are immune to poison.
You have sharp fingernails.
Your flesh is cold resistant. (rC+)
You are immune to negative energy. (rN+++)
You do not regenerate when monsters are visible.
You are immune to unholy pain and torment.
You can survive without breathing.


Message History

Okay, then.
You see here the felid corpse of Natasha.
You start resting.
You feel strangely unstable.
You are suddenly yanked towards a nearby monster!
Your surroundings suddenly seem different.
Natasha, Servant of Life and Death comes into view.
She is carrying a wand of flame (20).
Found a stone staircase leading down.
You barely miss Natasha.
Natasha hisses angrily.
Natasha mumbles some strange words.
You feel troubled. Natasha casts a spell at you. The magic dart hits you.
* * * LOW HITPOINT WARNING * * *
Natasha completely misses you.
You closely miss Natasha.
Natasha stares at you and mumbles some strange words.
The magic dart hits you!
You die...

#########
#........
#........
#........
#####........
#>..'@.......
#.###h.......
#........
#........
#........
###.#....
.#.... .# ...


You could see Natasha.

Vanquished Creatures
  Natasha (D:2)
  A leopard gecko (D:1)
  A giant cockroach (D:1)
  A goblin (D:1)
  3 hobgoblins (D:1)
  4 jackals (D:1)
  3 bats (D:1)
  A frilled lizard (D:1)
  2 kobolds (D:1)
  5 rats
22 creatures vanquished.

Notes
Turn   | Place    | Note
-------+----------+-------------------------------------------
     0 | D:1      | magui the Ghoul Monk began the quest for the Orb.
     0 | D:1      | Reached XP level 1. HP: 19/19 MP: 0/0
   330 | D:1      | Reached XP level 2. HP: 26/26 MP: 1/1
   962 | D:1      | Reached XP level 3. HP: 31/31 MP: 2/2
  1165 | D:2      | Found an ancient bone altar of Kikubaaqudgha.
  1199 | D:2      | Noticed Natasha
  1212 | D:2      | Killed Natasha
  1213 | D:2      | Reached skill level 4 in Unarmed Combat
  1230 | D:2      | Noticed Natasha
  1232 | D:2      | Killed from afar by Natasha

Illustrated notes

Levels and vault maps discovered:
D:1:      saegor_arrival_simple_b, layout_loops_corners
D:2:      layout_basic, zin_academy, old_standard_altar, cheibriados_altar_1,
          minmay_misc_feat_pillars, uniq_natasha

Skill      XL: |  1  2  3 |
---------------+----------+-----
Dodging        | 3 |  3.3
Unarmed Combat | 4 |  4.0
Fighting       | |  3.7
Stealth        | |  2.3

Action                   || total
-------------------------++-------
Melee: Unarmed           ||    63
Throw: Stone             ||     5
  Use: Scroll            ||     2
       Potion            ||     1
 Stab: Sleeping          ||     1
Armor: Robe              ||     5
Dodge: Dodged            ||    29
